 Dungeon Crawl Stone Soup version coffee-0.2.0 (webtiles) character file.

Game seed: 7106023201446030863, levelgen mode: deterministic

31962 Dorkslayer the Cleaver (level 13, -26/114 HPs)
             Began as a Minotaur Fighter on Sept 4, 2020.
             Was the Champion of Okawaru.
             Killed from afar by an orb of fire (42 damage)
             ... with a fireball
             ... in the Realm of Zot.
             The game lasted 00:32:19 (7447 turns).

Dorkslayer the Cleaver (Minotaur Fighter)           Turns: 7447, Time: 00:32:20

Health: -26/114    AC:  0    Str: 25    XL:     13   Next: 28%
Magic:  15/18      EV: 30    Int:  3    God:    Okawaru [******]
Gold:   104        SH:  0    Dex: 16    Spells: 12/12 levels left

rFire    . . .     SeeInvis .     - Unarmed
rCold    . . .     Gourm    .   (shield currently unavailable)
rNeg     . . .     Faith    .   (armour currently unavailable)
rPois    .         Spirit   .   (helmet currently unavailable)
rElec    .         Reflect  .   (cloak currently unavailable)
rCorr    .         Harm     .   (gloves currently unavailable)
MR       .....                  (boots currently unavailable)
Stlth    ++++......             (no amulet)
HPRegen  0.29/turn              (ring currently unavailable)
MPRegen  0.16/turn              (ring currently unavailable)

@: bat-form, finesse, flying, very quick
A: tiny, (retaliatory headbutt), dopey 1, screaming 1
a: Heroism, Finesse, Renounce Religion


You were in the Realm of Zot.
You worshipped Okawaru.
Okawaru was exalted by your worship.
You were not hungry.
You were in bat-form.
You visited 3 branches of the dungeon, and saw 12 of its levels.

You collected 899 gold pieces.
You spent 795 gold pieces at shops.

Inventory:

Hand Weapons
 a - a +0 war axe
 c - a +2 broad axe of freezing
 r - the +7 broad axe "Huiluph" (melded) {venom, Dex+4}
   (Okawaru gifted it to you on level 10 of the Dungeon)

   It poisons the flesh of those it strikes.
   It affects your dexterity (+4).
Missiles
 d - 2 silver boomerangs
 t - 8 javelins (quivered)
 y - 2 throwing nets
 F - 3 boomerangs
Armour
 v - a +1 pair of boots (melded)
 w - +4 gold dragon scales (melded)
 A - a +1 cloak (melded)
 C - a +2 tower shield (melded)
 G - the +4 plate armour "Yremugg" {rC+ rN+}
   (You found it on level 8 of the Dungeon)

   It protects you from cold.
   It protects you from negative energy.
Jewellery
 n - a +2 ring of evasion (melded)
 u - a ring of protection from fire (melded)
Wands
 b - a wand of iceblast (6)
Scrolls
 g - a scroll of fog
 h - 2 scrolls of blinking
 k - a scroll of amnesia
 o - 5 scrolls of teleportation
 q - 3 scrolls of fear
 s - a scroll of enchant weapon
 E - 2 scrolls of immolation
 H - 3 scrolls of remove curse
Potions
 e - 2 potions of curing
 m - a potion of ambrosia
 p - 3 potions of flight
Miscellaneous
 l - a sack of spiders
 z - a phantom mirror
Comestibles
 f - 16 rations


   Skills:
 * Level 10.7(13.6) Fighting
 + Level 13.1 Axes
 * Level 8.5 Throwing
 + Level 8.2(12.7) Armour
 + Level 1.8(10.5) Dodging
 + Level 1.1(8.9) Stealth
 + Level 11.4(13.9) Shields
 * Level 8.4(9.9) Invocations
 * Level 7.5(9.0) Evocations


You had 12 spell levels left.
You didn't know any spells.
Your spell library was empty.

Dungeon Overview and Level Annotations

Branches:
Dungeon (10/10)            Temple (1/1) D:2             Zot (1/1) D:10

Altars:
Ashenzari
Cheibriados
Dithmenos
Gozag
Hepliaklqana
Kikubaaqudgha
Makhleb
Nemelex Xobeh
Okawaru
Qazlal
Ru
Sif Muna
Trog
Uskayaw
Vehumet
Wu Jian
Xom
Yredelemnul
Zin
The Shining One

Shops:
D:6 !   D:8 ?%![   D:9 }


Innate Abilities, Weirdness & Mutations

((You reflexively headbutt those who attack you in melee.))
((You have a pair of horns on your head.))
You are dopey. (Int -2)
You occasionally shout uncontrollably at your foes.


Message History

The ancient lich seems to speed up.
You see here a wand of iceblast (6).
b - a wand of iceblast (6)
The small abomination completely misses you.
A yellow draconian comes into view. It is wielding a +0 short sword.
The Orb Guardian completely misses you. The Orb Guardian barely misses you.
An ancient lich comes into view.
The ancient lich shouts!
The Killer Klown blinks!
The small abomination misses you.
The Killer Klown blinks!
The ancient lich mumbles some strange words.
The ancient lich seems to speed up.
A tentacled monstrosity comes into view.
A tentacled monstrosity comes into view.
Found a +0 chain mail.
The ancient lich casts a spell at you. The bolt of acid misses you.
The orb of fire emits a lurid red light.
The fireball explodes!
The fireball engulfs you!!!
You die...

..............
..............^.......▓
......................▓
.................^...[▓.
▓^..........X...........
.^..........^X^......^▓
.........d.........^..▓
......................▓
.......d.....L..b.....▓
.........X.X.X*.....^▓▓
............X.L....▓▓▓
▓▓▓..........x..▓▓▓▓
▓▓▓▓▓▓▓▓▓▓▓▓▓▓▓


You could see 3 tentacled monstrosities, 3 Orb Guardians, an orb of fire, 2
ancient liches, a yellow draconian and a small abomination.

Vanquished Creatures
  A curse toe (Zot)
  An orb of fire (Zot)
  A golden dragon (D:10)
  2 two-headed ogres
  2 ancient liches (Zot)
  2 death cobs (Zot)
  A Killer Klown (Zot)
  3 tentacled monstrosities (Zot)
  20 Orb Guardians (Zot)
  A draconian scorcher (D:10)
  A shadow dragon (D:10)
  A draconian stormcaller (Zot)
  An electric golem (Zot)
  Joseph (D:7)
  A gargoyle (D:10)
  2 purple draconians (D:10)
  A green draconian (D:10)
  A red draconian (Zot)
  A white draconian (D:10)
  2 yellow draconians (Zot)
  2 trolls
  9 moths of wrath (Zot)
  2 hippogriffs
  A vampire (D:10)
  4 yaks (D:9)
  Grum (D:10)
  3 hungry ghosts
  A water moccasin (D:10)
  3 phantoms
  A sky beast (D:10)
  An eye of draining (D:9)
  3 black bears
  3 ice beasts
  A centaur (D:9)
  2 ogres
  3 wolves (D:10)
  A crocodile (D:8)
  2 big kobolds (D:10)
  A gnoll sergeant (D:7)
  6 bullfrogs
  A water moccasin zombie (D:7)
  2 wyvern skeletons (D:9)
  A scorpion (D:6)
  A wight (D:9)
  2 howler monkeys
  A crimson imp (D:6)
  4 hounds
  3 jellies
  4 orc priests
  Crazy Yiuf (D:2)
  3 bullfrog zombies
  3 bullfrog skeletons
  3 centaur skeletons
  4 iguanas
  3 orc wizards
  7 worker ants
  2 killer bee zombies
  A hound zombie (D:6)
  A hound skeleton (D:5)
  6 gnolls
  4 adders
  3 shadow imps
  An ooze (D:1)
  5 worms (D:2)
  A dart slug (D:2)
  4 leopard geckos
  16 orcs
  7 bats
  3 giant cockroaches
  6 goblins
  7 hobgoblins
  7 jackals
  2 quokkas
  17 kobolds
  5 rats
  A bush (D:8)
238 creatures vanquished.

Vanquished Creatures (others)
  An Orb Guardian (Zot)
  An orc (D:6)
  A kobold (D:10)
3 creatures vanquished.

Grand Total: 241 creatures vanquished

Notes
Turn   | Place    | Note
-------+----------+-------------------------------------------
     0 | D:1      | Dorkslayer the Minotaur Fighter began the quest for the
                  | Orb.
     0 | D:1      | Reached XP level 1. HP: 19/19 MP: 0/0
   133 | D:1      | Reached XP level 2. HP: 27/27 MP: 1/1
   575 | D:2      | Reached XP level 3. HP: 31/33 MP: 2/2
   768 | D:2      | Reached skill level 3 in Axes
   821 | D:2      | Reached skill level 1 in Dodging
   903 | D:2      | Reached XP level 4. HP: 40/40 MP: 3/3
  1011 | D:2      | Found a runed translucent door.
  1012 | D:2      | Noticed Crazy Yiuf
  1022 | D:2      | Killed Crazy Yiuf
  1092 | D:2      | Found a staircase to the Ecumenical Temple.
  1102 | Temple   | Entered the Ecumenical Temple
  1204 | Temple   | Became a worshipper of Warmaster Okawaru
  1402 | D:3      | Reached XP level 5. HP: 32/46 MP: 4/4
  1406 | D:3      | Reached skill level 4 in Axes
  1829 | D:4      | Identified the +1 arbalest of Cruel Justice {venom, MR+}
                  | (You acquired it on level 4 of the Dungeon)
  2112 | D:4      | Found an opulent altar of Gozag.
  2500 | D:4      | Reached XP level 6. HP: 47/52 MP: 5/5
  2560 | D:5      | Entered Level 5 of the Dungeon
  2618 | D:5      | Reached skill level 1 in Invocations
  2702 | D:5      | Reached skill level 5 in Armour
  2953 | D:5      | Reached * piety under Okawaru
  2953 | D:5      | Reached skill level 5 in Axes
  2965 | D:5      | Reached skill level 1 in Evocations
  3159 | D:6      | Reached skill level 5 in Shields
  3164 | D:6      | Reached skill level 1 in Throwing
  3164 | D:6      | Reached XP level 7. HP: 47/60 MP: 7/7
  3354 | D:6      | Found Anoehar's Distillery.
  3365 | D:6      | Bought a potion of curing for 39 gold pieces
  3365 | D:6      | Bought a potion of curing for 39 gold pieces
  3365 | D:6      | Bought a potion of heal wounds for 65 gold pieces
  3365 | D:6      | Bought a potion of heal wounds for 65 gold pieces
  3365 | D:6      | Bought a potion of haste for 130 gold pieces
  3365 | D:6      | Bought a potion of heal wounds for 65 gold pieces
  3496 | D:6      | Reached skill level 5 in Fighting
  3500 | D:6      | Reached skill level 6 in Axes
  3543 | D:6      | Reached ** piety under Okawaru
  3625 | D:6      | Reached XP level 8. HP: 68/68 MP: 9/9
  3905 | D:7      | Noticed Joseph
  3925 | D:7      | Killed Joseph
  3938 | D:7      | Reached skill level 7 in Axes
  3966 | D:7      | Reached *** piety under Okawaru
  4158 | D:7      | Found an opulent altar of Gozag.
  4341 | D:7      | Found a sparkling altar of Nemelex Xobeh.
  4367 | D:7      | Reached XP level 9. HP: 75/75 MP: 11/11
  4515 | D:7      | Received a gift from Okawaru
  4515 | D:7      | Reached skill level 8 in Axes
  4598 | D:8      | Found Rurchem's Food Shop.
  4598 | D:8      | Noticed a two-headed ogre
  4617 | D:8      | Killed a two-headed ogre
  4617 | D:8      | Reached **** piety under Okawaru
  4688 | D:8      | Found Lejar's Magic Scroll Emporium.
  4699 | D:8      | Bought a scroll of immolation for 49 gold pieces
  4699 | D:8      | Bought a scroll of immolation for 49 gold pieces
  4699 | D:8      | Bought a scroll of holy word for 105 gold pieces
  4703 | D:8      | Bought a scroll of enchant armour for 105 gold pieces
  4753 | D:8      | Reached skill level 9 in Axes
  4825 | D:8      | Found Wuweps's Distillery.
  4828 | D:8      | Bought a potion of curing for 42 gold pieces
  4828 | D:8      | Bought a potion of curing for 42 gold pieces
  4835 | D:8      | Found Oziu's Antique Armour Shop.
  4894 | D:8      | Found a hazy altar of Hepliaklqana.
  4897 | D:8      | Found a basalt altar of Yredelemnul.
  5035 | D:8      | Got the +4 plate armour "Yremugg" {rC+ rN+}
  5086 | D:8      | Received a gift from Okawaru
  5152 | D:9      | Noticed a troll
  5163 | D:9      | Killed a troll
  5163 | D:9      | Reached skill level 5 in Throwing
  5186 | D:9      | Reached XP level 10. HP: 80/84 MP: 12/12
  5187 | D:9      | Reached skill level 5 in Invocations
  5196 | D:9      | Found Cown's Gadget Shop.
  5273 | D:9      | Noticed a two-headed ogre
  5294 | D:9      | Reached ***** piety under Okawaru
  5296 | D:9      | Received a gift from Okawaru
  5314 | D:9      | Killed a two-headed ogre
  5316 | D:9      | Received a gift from Okawaru
  5699 | D:9      | You fall into a shaft and drop 1 floor!
  5699 | D:10     | Entered Level 10 of the Dungeon
  5707 | D:10     | Noticed a shadow dragon
  5713 | D:10     | Reached skill level 10 in Axes
  5721 | D:10     | Killed a shadow dragon
  5721 | D:10     | Reached skill level 5 in Evocations
  5728 | D:10     | Reached skill level 1 in Stealth
  5753 | D:10     | Noticed a golden dragon
  5764 | D:10     | Killed a golden dragon
  5764 | D:10     | Received a gift from Okawaru
  5764 | D:10     | Reached XP level 11. HP: 58/94 MP: 14/14
  5774 | D:10     | Noticed a purple draconian scorcher
  6252 | D:10     | Noticed Grum
  6266 | D:10     | Killed Grum
  6389 | D:10     | Killed a purple draconian scorcher
  6389 | D:10     | Received a gift from Okawaru
  6390 | D:10     | Got the +7 broad axe "Huiluph" {venom, Dex+4}
  6432 | D:10     | Found a gate to the Realm of Zot.
  6625 | Zot      | Entered the Realm of Zot
  6703 | Zot      | Reached skill level 11 in Axes
  6750 | Zot      | Noticed a death cob
  6756 | Zot      | Killed a death cob
  6884 | Zot      | Noticed a tentacled monstrosity
  6887 | Zot      | Killed a tentacled monstrosity
  6900 | Zot      | Noticed a tentacled monstrosity
  6901 | Zot      | Noticed an Orb Guardian
  6901 | Zot      | Noticed an Orb Guardian
  6901 | Zot      | Noticed an Orb Guardian
  6903 | Zot      | Killed a tentacled monstrosity
  6905 | Zot      | Killed an Orb Guardian
  6906 | Zot      | Killed an Orb Guardian
  6907 | Zot      | Killed an Orb Guardian
  6917 | Zot      | Received a gift from Okawaru
  6917 | Zot      | Reached skill level 10 in Shields
  6918 | Zot      | Got the +5 hand axe "Yleck" {freeze, Dex+2 Stlth+}
  6933 | Zot      | Noticed an Orb Guardian
  6934 | Zot      | Noticed an Orb Guardian
  6938 | Zot      | Killed an Orb Guardian
  6938 | Zot      | Reached ****** piety under Okawaru
  6938 | Zot      | Killed an Orb Guardian
  6938 | Zot      | Reached XP level 12. HP: 85/104 MP: 16/16
  7101 | Zot      | Noticed a curse toe
  7110 | Zot      | Killed a curse toe
  7110 | Zot      | Received a gift from Okawaru
  7110 | Zot      | Reached skill level 12 in Axes
  7390 | Zot      | Noticed an orb of fire
  7392 | Zot      | Gained mutation: You are dopey. (Int -2) [an orb of fire]
  7394 | Zot      | Noticed an ancient lich
  7395 | Zot      | Reached skill level 10 in Fighting
  7395 | Zot      | Gained mutation: You occasionally shout uncontrollably at
                  | your foes. [an orb of fire]
  7397 | Zot      | Killed an orb of fire
  7398 | Zot      | Noticed an ancient lich
  7408 | Zot      | Killed an ancient lich
  7408 | Zot      | Killed an ancient lich
  7408 | Zot      | Received a gift from Okawaru
  7413 | Zot      | Noticed an orb of fire
  7417 | Zot      | Received a gift from Okawaru
  7417 | Zot      | Reached XP level 13. HP: 26/114 MP: 11/18
  7420 | Zot      | Reached skill level 13 in Axes
  7424 | Zot      | HP: 4/114 [black draconian/+5 vampiric war axe (2)]
  7430 | Zot      | Noticed an ancient lich
  7435 | Zot      | Noticed an ancient lich
  7447 | Zot      | Killed from afar by an orb of fire

Levels and vault maps discovered:
D:1:      dpeg_arrival_snail, layout_basic, serial_curves, eino_curves_04,
          eino_curves_03
D:2:      layout_basic, minmay_temple_entry_poolview, uniq_crazy_yiuf_cottage
D:3:      layout_rooms, minmay_statues_item
D:4:      layout_loops_corners, first_ration, grunt_gozag_breadcrumbs
D:5:      layout_basic
D:6:      layout_loops_ring, serial_shops, kennysheep_little_box
D:7:      layout_gridville, kennysheep_mini, nemelex_xobeh_ov_fountains_minmay,
          uniq_joseph
D:8:      layout_cave_pools, minitemple, serial_park, serial_park_square1
          [serial_park_minivault_5x5_2], serial_park_square2, serial_shops,
          shop, shop_statue, shop, kennysheep_mini_moat
D:9:      minmay_evil_eye, layout_basic, serial_shops, shop
D:10:     evilmike_zot_entry_basic, layout_loops_ring, uniq_grum
Temple:   hc_temple_tempest_star
Zot:      layout_gridlike

Skill      XL: |  1  2  3  4  5  6  7  8  9 10 11 12 13 |
---------------+----------------------------------------+-----
Armour         | 4 5 6 7 8 |  8.2
Shields        | 4 5 6 7 8 10 11 | 11.4
Axes           | 3 4 5 6 7 9 10 11 12 13 | 13.1
Dodging        | 1 |  1.8
Fighting       | 4 5 6 8 9 10 | 10.7
Invocations    | 2 4 6 7 8 |  8.4
Evocations     | 1 2 3 4 5 6 7 |  7.5
Throwing       | 1 2 3 5 6 7 8 |  8.5
Stealth        | 1 |  1.1

Action                   |  1- 3 |  4- 6 |  7- 9 | 10-12 | 13-15 || total
-------------------------+-------+-------+-------+-------+-------++-------
Melee: War axe           |    54 |   135 |   264 |    33 |       ||   486
       Headbutt          |     9 |    21 |    58 |    46 |       ||   134
       Broad axe         |       |       |       |   180 |     3 ||   183
Throw: Javelin           |       |     6 |     9 |    18 |       ||    33
       Boomerang         |       |       |       |     4 |       ||     4
Invok: Heroism           |       |       |       |     2 |       ||     2
       Finesse           |       |       |       |     1 |       ||     1
  Use: Scroll            |       |     1 |       |    10 |       ||    11
       Potion            |       |     2 |     1 |     7 |     7 ||    17
 Stab: Invisible         |       |     2 |     1 |       |       ||     3
  Eat: Chunk             |       |     7 |     5 |     5 |       ||    17
       Ration            |       |       |     2 |     1 |       ||     3
Armor: Scale mail        |    12 |    34 |       |       |       ||    46
       Chain mail        |       |    28 |    22 |       |       ||    50
       Plate armour      |       |       |    78 |    37 |       ||   115
       Gold dragon scale |       |       |       |    79 |    41 ||   120
Dodge: Dodged            |    18 |    72 |    61 |    60 |    25 ||   236
Block: Kite shield       |    31 |    91 |    28 |       |       ||   150
       Tower shield      |       |       |   213 |   254 |    36 ||   503
